 Dungeon Crawl Stone Soup version 0.16-a0-3061-g1c4ddba (webtiles) character file.

16 Kemay the Digger (level 2, -6/19 HPs)
             Began as a Formicid Earth Elementalist on Dec 10, 2014.
             Mangled by a hobgoblin
             ... wielding a +0 club
              (7 damage)
             ... on level 1 of the Dungeon.
             The game lasted 00:03:10 (430 turns).

Kemay the Digger (Formicid Earth Elementalist)       Turns: 430, Time: 00:03:10

Health: -6/19      AC:  2    Str: 12    XL:     2   Next: 70%
Magic:  1/6        EV: 12    Int: 14    God:
Gold:   14         SH:  0    Dex: 11    Spells: 1 memorised, 5 levels left

rFire  . . .     SeeInvis +     h - +0 hunting sling
rCold  . . .     Clarity  .     c - +0 robe
rNeg   . . .     SustAb   .     (no shield)
rPois  .         Gourm    .     (helmet unavailable)
rElec  .         Spirit   .     (no cloak)
rCorr  .         Warding  .     (no gloves)
rMut   .         Stasis   +     (no boots)
MR     .....                    (no amulet)
Stlth  ++........               (no ring)
                                (no ring)

@: not resistant to hostile enchantments, unstealthy
A: permanent stasis, dig shafts and tunnels, four strong arms, antennae 3
a: Dig, Shaft Self


You were on level 1 of the Dungeon.
You were not hungry.

You visited 1 branch of the dungeon, and saw 1 of its levels.

You collected 14 gold pieces.

Inventory:

Hand weapons
 h - a +0 hunting sling (weapon)
Missiles
 b - 15 stones (quivered)
Armour
 c - a +0 robe (worn)
Scrolls
 e - a scroll of identify {unknown}
 g - a scroll of enchant weapon {unknown}
 i - a scroll of remove curse {unknown}
Books
 d - a book of Geomancy

   Spells                             Type                      Level
   a - Sandblast                      Earth                        1
   b - Stoneskin                      Transmutation/Earth          2
   c - Passwall                       Transmutation/Earth          3
   d - Stone Arrow                    Conjuration/Earth            3
   e - Petrify                        Transmutation/Earth          4
   f - Lee's Rapid Deconstruction     Earth                        5
Comestibles
 a - 2 bread rations
 f - 5 chunks of flesh


   Skills:
 - Level 1.7 Dodging
 - Level 2.4 Stealth
 + Level 2.6 Spellcasting
   Level 1.1 Transmutations
 + Level 4.2 Earth Magic


You had 5 spell levels left.
You knew the following spells:

 Your Spells              Type           Power        Failure   Level  Hunger
a - Sandblast             Erth           ##....       4%          1    #......


Dungeon Overview and Level Annotations

Branches:
Dungeon (1/15)

Altars:


Innate Abilities, Weirdness & Mutations

You are under a permanent stasis effect.
You can dig through walls and to a lower floor.
Your four strong arms can wield two-handed weapons with a shield.
You have a pair of large antennae on your head (SInv).


Message History

Aim: a jackal (heavily wounded)
You shoot a stone. The stone barely misses the jackal.
The stone hits the hobgoblin.
The hobgoblin is severely wounded.
The jackal barely misses you. The kobold completely misses you.
The jackal bites you.
Firing (i - inventory):
b - 17 stones (quivered)
Press: ? - help, Shift-Dir - straight line, f/p - jackal
Aim: a jackal (moderately wounded)
You shoot a stone. The stone barely misses the jackal.
The jackal misses you. The hobgoblin hits you with a club. The kobold hits you.
Firing (i - inventory):
b - 16 stones (quivered)
Press: ? - help, Shift-Dir - straight line, f/p - jackal
Aim: a jackal (moderately wounded)
You shoot a stone. The stone closely misses the jackal.
The jackal bites you.
* * * LOW HITPOINT WARNING * * *
The kobold hits you.
* * * LOW HITPOINT WARNING * * *
The hobgoblin hits you with a club!
You die...

..... .....{ # ###.....
##########.......# ##.
..............# ...#
..###........## ....#
..#
##......#######......#
..## ####.).(....÷.....#
#..# #..........@......#
##.###.##......Khg.....#
#.....#%.......(......#
##†##...(......(..##.##
##.##.#.#.........# ..#
##..##.#.#.........# .
#..##[(#.#......(..#
#.###.##.#......(..#
......# . . .(.


You could see a jackal, a hobgoblin and a kobold.

Vanquished Creatures
  2 giant geckos (D:1)
  A giant cockroach (D:1)
  A hobgoblin (D:1)
  2 jackals (D:1)
  2 kobolds (D:1)
  2 ball pythons (D:1)
  A giant newt (D:1)
  A goblin (D:1)
  A rat (D:1)
13 creatures vanquished.

Notes
Turn   | Place    | Note
--------------------------------------------------------------
     0 | D:1      | Kemay, the Formicid Earth Elementalist, began the quest for the Orb.
     0 | D:1      | Reached XP level 1. HP: 13/13 MP: 3/3
   285 | D:1      | Reached skill level 4 in Earth Magic
   327 | D:1      | Reached XP level 2. HP: 19/19 MP: 4/6
   430 | D:1      | Mangled by a hobgoblin

Action                   || total
-------------------------++-------
Melee: Unarmed           ||     9
       Hunting sling     ||     2
 Fire: Hunting sling     ||    28
 Cast: Sandblast         ||    18
